 Dungeon Sprint DCSS version 0.23.2-1-ga50397a (webtiles) character file.

Game seed: 11444627071762553380

9431 whitewolfNL the Brawler (level 11, -7/96 HPs)
             Began as a Troll Berserker on May 22, 2019.
             Was the Champion of Trog.
             Mangled by a demonic crawler (11 damage)
             ... in the Dungeon (Sprint I: "Red Sonja").
             The game lasted 00:18:07 (1335 turns).

whitewolfNL the Brawler (Troll Berserker)           Turns: 1335, Time: 00:18:07

Health: -7/96      AC:  6    Str: 25    XL:     11   Next: 23%
Magic:  9/9        EV: 15    Int:  1    God:    Trog [******]
Gold:   623        SH:  0    Dex: 12    Spells: 10/10 levels left

rFire    . . .     SeeInvis .     - Unarmed
rCold    . . .     Gourm    +   (no shield)
rNeg     . . .     Faith    .   k - +0 troll leather armour
rPois    .         Spirit   .   (helmet restricted)
rElec    .         Reflect  .   (no cloak)
rCorr    .         Harm     .   (gloves unavailable)
MR       +....     Rnd*Rage +   (boots unavailable) Stlth +.........NoTele +
                                (no amulet)
HPRegen  1.06/turn              (no ring)
MPRegen  0.11/turn              (no ring)

@: berserk cooldown, slowed, very slow
A: large, unfitting armour, claws 3, berserk 1, blurry vision 1, deformed body,
dopey 1, fast metabolism 3, frail 2, gourmand, low mp 3, magic resistance 1,
regeneration 1, shaggy fur 1, tough skin 3, weak 1, no potion heal 1, subdued
magic 1
a: Berserk, Trog's Hand, Brothers in Arms, Renounce Religion


You were in the Dungeon.
You worshipped Trog.
Trog was exalted by your worship.
You were not hungry.

You visited 1 branch You collected 1213 gold pieces.
You spent 590 gold pieces at shops.

Inventory:

Hand Weapons
 i - a +2 battleaxe of chopping
 o - a +3 arbalest of freezing
 t - a +3 hunting sling of flaming
 u - a +5 longbow of freezing
Missiles
 g - 34 arrows
 v - 12 sling bullets
Armour
 k - a +0 troll leather armour (worn)
Wands
 m - a wand of acid (5)
 n - a wand of polymorph (8)
Scrolls
 h - a scroll of blinking
 j - 3 scrolls of identify {unknown}
 p - a scroll of silence {unknown}
 q - a scroll of holy word {unknown}
 r - a scroll of acquirement {unknown}
Potions
 a - a potion of brilliance {unknown}
 c - 6 potions of curing
 e - a potion of haste
 f - 2 potions of magic
 l - a potion of degeneration {unknown}
 s - 2 potions of resistance
Comestibles
 b - a ration


   Skills:
 + Level 11.5 Fighting
 * Level 2.2 Throwing
 + Level 11.5 Dodging
 * Level 17.9 Unarmed Combat
 * Level 6.0 Evocations


You had 10 spell levels left.
You didn't know any spells.
Your spell library was empty.

Dungeon Overview and Level Annotations

Branches:
Dungeon (1/1)

Altars:
Cheibriados
Dithmenos
Elyvilon
Fedhas
Gozag
Hepliaklqana
Kikubaaqudgha
Makhleb
Nemelex Xobeh
Okawaru
Qazlal
Ru
Sif Muna
Trog
Uskayaw
Vehumet
Wu Jian
Xom
Yredelemnul
Zin
The Shining One
Jiyva
Lugonu

Shops:
D !%%*}*![![*(=*=}([*[!

Annotations:
D Sonja


Innate Abilities, Weirdness & Mutations

You are too large for most types of armour.
You have claws for hands.
Your metabolism is lightning-fast.
You like to eat raw meat.
Your natural rate of healing is unusually fast.
You are covered in fur. (AC +1)
You have extremely tough skin. (AC +3)
You tend to lose your temper in combat.
Scrolls take you a little longer to read.
Armour fits poorly on your strangely shaped body.
You are dopey. (Int -2)
You are very frail. (-20% HP)
Your magical capacity is extremely low. (-30% MP)
You are resistant to hostile enchantments. (MR+)
You are weak. (Str -2)
Potions are less effective at restoring your health.
Your spells are a little easier to cast, but a little less powerful.


Message History

* * * LOW HITPOINT WARNING * * *
The demonic crawler hits you!
* * * LOW HITPOINT WARNING * * *
The demonic crawler hits you!
* * * LOW HITPOINT WARNING * * *
The demonic crawler hits you.
* * * LOW HITPOINT WARNING * * *
The demonic crawler hits you but does no damage.
Okay, then.
Unknown command.
Your system partially rejects the healing.
You feel better. The demonic crawler barely misses you.
The demonic crawler misses you.
The demonic crawler hits you but does no damage.
The demonic crawler misses you. x2
The demonic crawler hits you but does no damage.
The demonic crawler barely misses you. The demonic crawler hits you.
* * * LOW HITPOINT WARNING * * *
The demonic crawler hits you!
You die...

######################
..'..#.)'..#__#.@ss..#
..#..'..#..'..'.s#)..##+#
####'#####'#__####...'..#
###..#...#.####§)#####..+
__####..##.#≈≈§§.#..# ##
_____##'#_.+§§§))'.!#
_.∩...'..[_#≈≈§.§#§.#
_..__##_.#'##§#####'###
_____###'#.#)...###.'.#


You could see 3 demonic crawlers.

Vanquished Creatures
  2 centaur warriors (D)
  2 unseen horrors (D)
  A deep troll (D)
  An oklob plant (D)
  8 shining eyes (D)
  2 kobold demonologists (D)
  A demonic crawler (D)
  A hornet (D)
  A slime creature (D)
  Sigmund (D)
  2 redbacks (D)
  A yak (D)
  6 floating eyes (D)
  7 necrophages (D)
  An ogre (D)
  8 jellies (D)
  Ijyb (D)
  3 ballistomycetes (D)
  A ballistomycete spore (D)
50 creatures vanquished.

Vanquished Creatures (others)
  A ballistomycete spore (D)
1 creature vanquished.

Grand Total: 51 creatures vanquished

Notes
Turn   | Place    | Note
-------+----------+-------------------------------------------
     0 | D        | whitewolfNL the Troll Berserker began the quest for the
                  | Orb.
     0 | D        | Reached XP level 1. HP: 22/22 MP: 0/0
     2 | D        | Noticed Ijyb
    24 | D        | Killed Ijyb
    24 | D        | Reached skill level 5 in Unarmed Combat
    24 | D        | Reached XP level 2. HP: 24/31 MP: 1/1
    31 | D        | Noticed an ogre
    33 | D        | Killed an ogre
    33 | D        | Reached skill level 7 in Unarmed Combat
    33 | D        | Reached XP level 3. HP: 40/40 MP: 2/2
    33 | D        | Reached XP level 4. HP: 49/49 MP: 3/3
    39 | D        | Noticed Sigmund
    45 | D        | Killed Sigmund
    45 | D        | Reached ** piety under Trog
    45 | D        | Reached skill level 5 in Fighting
    45 | D        | Reached skill level 5 in Dodging
    45 | D        | Reached skill level 9 in Unarmed Combat
    45 | D        | Reached XP level 5. HP: 58/59 MP: 4/4
    45 | D        | Reached XP level 6. HP: 66/67 MP: 5/5
    72 | D        | Found a burning altar of Makhleb.
    72 | D        | Found a viscous altar of Jiyva.
    72 | D        | Found a shimmering altar of Xom.
    72 | D        | Found a corrupted altar of Lugonu.
    72 | D        | Noticed a slime creature
    79 | D        | Killed a slime creature
    79 | D        | Reached skill level 10 in Unarmed Combat
    81 | D        | Found an ornate altar of the Wu Jian Council.
    81 | D        | Found a deep blue altar of Sif Muna.
    83 | D        | Found a radiant altar of Vehumet.
   100 | D        | Noticed a centaur warrior
   128 | D        | Found Ganaj's General Store.
   128 | D        | Found an ancient bone altar of Kikubaaqudgha.
   128 | D        | Found a hazy altar of Hepliaklqana.
   128 | D        | Found a stormy altar of Qazlal.
   128 | D        | Found a hide-covered altar of Uskayaw.
   128 | D        | Found a blossoming altar of Fedhas.
   128 | D        | Found a bloodstained altar of Trog.
   128 | D        | Found an iron altar of Okawaru.
   128 | D        | Found a basalt altar of Yredelemnul.
   128 | D        | Found a glowing golden altar of the Shining One.
   128 | D        | Found a snail-covered altar of Cheibriados.
   128 | D        | Found a sacrificial altar of Ru.
   128 | D        | Found a glowing silver altar of Zin.
   128 | D        | Found a shadowy altar of Dithmenos.
   128 | D        | Found a white marble altar of Elyvilon.
   128 | D        | Noticed a yak
   132 | D        | Killed a yak
   132 | D        | Reached *** piety under Trog
   132 | D        | Reached skill level 11 in Unarmed Combat
   132 | D        | Reached XP level 7. HP: 63/78 MP: 6/6
   133 | D        | Found an opulent altar of Gozag.
   136 | D        | Found a sparkling altar of Nemelex Xobeh.
   163 | D        | Noticed Sonja
   226 | D        | Noticed a deep troll
   231 | D        | Killed a deep troll
   231 | D        | Reached skill level 12 in Unarmed Combat
   231 | D        | Reached XP level 8. HP: 58/88 MP: 7/7
   255 | D        | Found Tirara's Armour Emporium.
   280 | D        | Noticed a centaur warrior
   290 | D        | Killed a centaur warrior
   290 | D        | Reached skill level 13 in Unarmed Combat
   291 | D        | Killed a centaur warrior
   291 | D        | Reached skill level 14 in Unarmed Combat
   291 | D        | Reached XP level 9. HP: 53/100 MP: 8/8
   302 | D        | Paralysed by a hornet for 1 turns
   305 | D        | Reached **** piety under Trog
   399 | D        | Noticed an oklob plant
   403 | D        | Killed an oklob plant
   403 | D        | Reached skill level 15 in Unarmed Combat
   410 | D        | Reached ***** piety under Trog
   410 | D        | Reached skill level 10 in Fighting
   410 | D        | Reached skill level 10 in Dodging
   816 | D        | Killed an unseen horror
   821 | D        | Killed an unseen horror
   821 | D        | Reached skill level 16 in Unarmed Combat
   821 | D        | Reached XP level 10. HP: 79/111 MP: 9/9
   862 | D        | Received a gift from Trog
   893 | D        | Reached skill level 1 in Evocations
   894 | D        | Reached ****** piety under Trog
   894 | D        | Received a gift from Trog
   977 | D        | Found Qythrom's Distillery.
   985 | D        | Bought a potion of resistance for 130 gold pieces
   986 | D        | Noticed a shining eye
   986 | D        | Noticed a shining eye
   986 | D        | Noticed a shining eye
   986 | D        | Gained mutation: Your magical capacity is low. (-10% MP) [a
                  | shining eye]
   991 | D        | Noticed a shining eye
   991 | D        | Noticed a shining eye
   991 | D        | Noticed a shining eye
   992 | D        | Gained mutation: Armour fits poorly on your strangely
                  | shaped body. [a shining eye]
   993 | D        | Gained mutation: Potions are less effective at restoring
                  | your health. [a shining eye]
   996 | D        | Gained mutation: Your magical capacity is very low. (-20%
                  | MP) [a shining eye]
   997 | D        | Paralysed by a floating eye for 4 turns
   997 | D        | Gained mutation: You are resistant to hostile enchantments.
                  | (MR+) [a shining eye]
   999 | D        | Gained mutation: Your magical capacity is extremely low.
                  | (-30% MP) [a shining eye]
  1002 | D        | Gained mutation: You are frail. (-10% HP) [a shining eye]
  1003 | D        | Gained mutation: Your spells are a little easier to cast,
                  | but a little less powerful. [a shining eye]
  1004 | D        | Killed a shining eye
  1005 | D        | Received a gift from Trog
  1009 | D        | Killed a shining eye
  1009 | D        | Reached skill level 17 in Unarmed Combat
  1010 | D        | Killed a shining eye
  1011 | D        | Gained mutation: You are dopey. (Int -2) [a shining eye]
  1014 | D        | Killed a shining eye
  1017 | D        | Killed a shining eye
  1019 | D        | Gained mutation: You are very frail. (-20% HP) [a shining
                  | eye]
  1020 | D        | Gained mutation: You are weak. (Str -2) [a shining eye]
  1021 | D        | Killed a shining eye
  1021 | D        | Reached skill level 5 in Evocations
  1021 | D        | Reached XP level 11. HP: 96/96 MP: 9/9
  1027 | D        | Noticed a shining eye
  1027 | D        | Noticed a shining eye
  1029 | D        | Gained mutation: Scrolls take you a little longer to read.
                  | [a shining eye]
  1030 | D        | Paralysed by a floating eye for 3 turns
  1034 | D        | Gained mutation: You tend to lose your temper in combat. [a
                  | shining eye]
  1035 | D        | Killed a shining eye
  1035 | D        | Received a gift from Trog
  1039 | D        | Killed a shining eye
  1055 | D        | Found Nineuty's Food Shoppe.
  1055 | D        | Found Xisk's Assorted Antiques.
  1055 | D        | Found Beifreac's Food Emporium.
  1056 | D        | Found Nerod's Gadget Shop.
  1091 | D        | Paralysed by fainting for 7 turns
  1148 | D        | Found Peilawn's Antique Armour Shoppe.
  1148 | D        | Found Olosmipn's Distillery.
  1148 | D        | Found Qioqe's Distillery.
  1150 | D        | Found Lysuqu Neita's Antique Armour Emporium.
  1150 | D        | Found Ujafax's Assorted Antiques.
  1150 | D        | Found Voihowu's Weapon Shoppe.
  1150 | D        | Found Relophi's Jewellery Boutique.
  1150 | D        | Found Zippab's General Store.
  1150 | D        | Found Qyex's Jewellery Shop.
  1150 | D        | Found Qeotul's Gadget Shoppe.
  1153 | D        | Found Garphi's Weapon Boutique.
  1154 | D        | Found Deybbife's Assorted Antiques.
  1154 | D        | Found Xar Ohuh's Antique Armour Boutique.
  1155 | D        | Found Usiown's Distillery.
  1177 | D        | Bought 2 potions of heal wounds for 110 gold pieces
  1177 | D        | Bought a potion of heal wounds for 55 gold pieces
  1177 | D        | Bought a potion of heal wounds for 55 gold pieces
  1179 | D        | Bought a potion of curing for 30 gold pieces
  1179 | D        | Bought a potion of curing for 30 gold pieces
  1179 | D        | Bought a potion of heal wounds for 50 gold pieces
  1179 | D        | Bought a potion of resistance for 100 gold pieces
  1179 | D        | Bought a potion of curing for 30 gold pieces
  1309 | D        | Reached skill level 1 in Throwing
  1331 | D        | HP: 4/96 [demonic crawler (7)]
  1333 | D        | Received a gift from Trog
  1334 | D        | HP: 1/96 [demonic crawler (5)]
  1335 | D        | Mangled by a demonic crawler

Skill      XL: |  1  2  3  4  5  6  7  8  9 10 11 |
---------------+----------------------------------+-----
Fighting       | 3 4 5 7 8 9 10 11 | 11.5
Dodging        | 3 4 5 7 8 9 10 11 | 11.5
Unarmed Combat | 5 7 9 11 12 14 16 17 | 17.9
Evocations     | 5 6 |  6.0
Throwing       | 2 |  2.2

Action                   |  1- 3 |  4- 6 |  7- 9 | 10-12 || total
-------------------------+-------+-------+-------+-------++-------
Melee: Unarmed           |    23 |    15 |    35 |    64 ||   137
       Punch             |       |       |     2 |     8 ||    10
Invok: Berserk           |     1 |       |     3 |     3 ||     7
  Use: Potion            |       |       |       |     7 ||     7
  Eat: Chunk             |       |     1 |     6 |       ||     7
       Ration            |       |       |       |     3 ||     3
Armor: Animal skin       |     7 |     2 |     3 |       ||    12
       Troll leather arm |       |       |     8 |    26 ||    34
Dodge: Dodged            |     6 |     7 |    13 |    71 ||    97
